 Dungeon Crawl Stone Soup version 0.26.1-10-gdfb7c7de75 (webtiles) character file.

Game seed: 128381967168365674

263 manyhoops the Ruffian (level 5, -2/50 HPs)
             Began as a Palentonga Transmuter on Apr 4, 2021.
             Slain by a gnoll
             ... wielding a +0 flail
              (10 damage)
             ... on level 4 of the Dungeon.
             The game lasted 00:05:29 (3948 turns).

manyhoops the Ruffian (Palentonga Transmuter)       Turns: 3948, Time: 00:05:30

Health: -2/50      AC:  5    Str: 14    XL:     5   Next: 97%
Magic:  7/8        EV: 10    Int: 13    God:
Gold:   214        SH:  0    Dex: 11    Spells: 5/8 levels left

rFire    . . .     SeeInvis +     - Unarmed
rCold    . . .     Faith    .   (no shield)
rNeg     . . .     Spirit   .   a - +0 robe
rPois    .         Reflect  .   (helmet currently unavailable)
rElec    .         Harm     .   (no cloak)
rCorr    .         Rampage  .   g - +0 pair of gloves
Will     .....                  (no barding)
Stlth    +.........             (no amulet)
HPRegen  0.16/turn              (no ring)
MPRegen  0.11/turn              (no ring)

@: appendages (expiring)
A: large, horns 2, talons 2, rugged brown scales 3, see invisible, deformed
body, roll 1, armoured tail
a: Rolling Charge, End Transformation


You were on level 4 of the Dungeon.
You had grown temporary horns.
You had grown temporary talons.
You visited 2 branches of the dungeon, and saw 5 of its levels.

You collected 214 gold pieces.

Inventory:

Armour
 a - a +0 robe (worn)
 g - a +0 pair of gloves (worn)
Scrolls
 b - a scroll of remove curse
 c - a scroll of magic mapping {unknown}
 f - a scroll of blinking {unknown}
 h - a scroll of random uselessness {unknown}
 i - a scroll of amnesia {unknown}
 k - a scroll of immolation
 l - a scroll of teleportation {unknown}
 o - a scroll of enchant weapon {unknown}
 p - a scroll of enchant armour {unknown}
 q - a scroll of identify {unknown}
Potions
 d - a potion of brilliance {unknown}
 e - a potion of invisibility {unknown}
 j - 2 potions of curing {unknown}
 m - a potion of heal wounds {unknown}
 n - a potion of flight {unknown}


   Skills:
 * Level 4.5 Fighting
 - Level 1.5 Dodging
 + Level 4.9 Unarmed Combat
 - Level 2.0 Spellcasting
 - Level 2.0 Transmutations


You had 5 spell levels left.
You knew the following spells:

 Your Spells              Type           Power        Failure   Level
a - Beastly Appendage     Tmut           12%          11%         1
b - Wereblood             Tmut           6%           17%         2

Your spell library contained the following spells:

 Spells                   Type           Power        Failure   Level
 Spider Form              Tmut/Pois      1%           45%         3
 Ice Form                 Ice/Tmut       3%           86%         4
 Blade Hands              Tmut           3%           97%         5


Dungeon Overview and Level Annotations

Branches:
Dungeon (4/15)             Temple (1/1) D:4

Altars:
Elyvilon
Gozag
Hepliaklqana
Kikubaaqudgha
Okawaru
Qazlal
Sif Muna
Vehumet
Wu Jian
Xom
Yredelemnul
Zin
The Shining One


Innate Abilities, Weirdness & Mutations

You are completely covered in rugged brown scales. (AC +3, +7% HP)
You have supernaturally acute eyesight. (SInv)
Armour fits poorly on your strangely shaped body.
You can roll at nearby foes to attack.
You have a long armoured tail.
You have a pair of horns on your head.
You have razor-sharp toenails.


Message History

The gnoll hits you. The gnoll hits you with a +0 flail!
You barely miss the gnoll. You tail-slap the gnoll.
You kill the gnoll!
You hit the gnoll but do no damage. Your kick misses the gnoll.
The gnoll closely misses you.
You hit the gnoll. You claw the gnoll. You tail-slap the gnoll.
The gnoll is heavily wounded.
The gnoll closely misses you.
You hit the gnoll but do no damage. You claw the gnoll.
The gnoll is severely wounded.
The gnoll hits you with a +0 flail!
* * * LOW HITPOINT WARNING * * *
You closely miss the gnoll. You claw the gnoll, but do no damage.
Your headbutt misses the gnoll.
Your tail-slap misses the gnoll.
The gnoll is severely wounded.
You barely miss the gnoll. Your headbutt misses the gnoll.
The gnoll is severely wounded.
Your transformation is almost over.
The gnoll hits you with a +0 flail!
You die...

..# ..# ..# ####
..##### # ###..
....... #.###...#
....... #.#
#...#.#.###)..##..#
#.#
#.._..@.........#
#.#
###.#..g).......#
#.# #.#########...#
#.# #.## #####...#
#.# #..#
.....)..#####†#
##.# #.......#_##.#
#.# #.##.#.##'##.#
###.###
#..)...<..##.#
###'###
#.#######÷....


You could see a gnoll.

Vanquished Creatures
  An orc priest (D:4)
  2 orc wizards (D:4)
  2 gnolls (D:4)
  6 adders
  2 oozes
  2 worms (D:2)
  A dart slug (D:1)
  15 orcs
  3 ball pythons (D:1)
  6 bats
  5 giant cockroaches
  2 goblins
  8 hobgoblins
  6 jackals
  8 kobolds
  5 frilled lizards
  8 rats
82 creatures vanquished.

Vanquished Creatures (others)
  A plant (Temple)
1 creature vanquished.

Grand Total: 83 creatures vanquished

Notes
Turn   | Place    | Note
-------+----------+-------------------------------------------
     0 | D:1      | manyhoops the Palentonga Transmuter began the quest for the
                  | Orb.
     0 | D:1      | Reached XP level 1. HP: 17/17 MP: 3/3
   241 | D:1      | Reached XP level 2. HP: 14/25 MP: 5/5
  1096 | D:1      | Reached XP level 3. HP: 33/33 MP: 4/6
  1712 | D:2      | Noticed a phantom
  1888 | D:3      | Learned a level 2 spell: Wereblood
  2168 | D:2      | Reached XP level 4. HP: 34/42 MP: 5/7
  2987 | D:2      | Found a shimmering altar of Xom.
  3461 | D:4      | Reached XP level 5. HP: 49/49 MP: 6/8
  3595 | D:4      | Found a hazy altar of Hepliaklqana.
  3604 | D:4      | Found a staircase to the Ecumenical Temple.
  3624 | D:4      | Found a glowing silver altar of Zin.
  3629 | Temple   | Entered the Ecumenical Temple
  3948 | D:4      | Slain by a gnoll

Illustrated notes

Levels and vault maps discovered:
D:1:      wander_arrival_chamber, layout_basic, minivault_27
D:2:      layout_loops_ring, lemuel_coloured_pillars_altar
D:3:      layout_loops_cross, general_overflow_altar, dancing_weapons_uskayaw,
          kennysheep_slug_shrine, grunt_dithmenos_smoke_and_mirrors
D:4:      layout_loops_ring, makhleb_blood_cavern_becter, lemuel_crystal_altar,
          cheibrodos_ashenzari_chains, kennysheep_mini,
          nemelex_xobeh_ov_fountains_minmay, fedhas_bush_and_centaur_altar,
          temple_doors_cd, uniq_duvessa
Temple:   jpeg_temple_alley_garden

Skill      XL: |  1  2  3  4 |
---------------+-------------+-----
Fighting       | 2 3 4 |  4.5
Unarmed Combat | 4 |  4.9
Dodging        | |  1.5
Spellcasting   | |  2.0
Transmutations | |  2.0

Action                   |  1- 3 |  4- 6 || total
-------------------------+-------+-------++-------
Melee: Unarmed           |   125 |   145 ||   270
       Tailslap          |    11 |    13 ||    24
       Kick              |    14 |    29 ||    43
       Headbutt          |     7 |    11 ||    18
       Punch             |       |     3 ||     3
 Cast: Beastly Appendage |    28 |    14 ||    42
       Wereblood         |       |     1 ||     1
 Abil: Rolling Charge    |       |     6 ||     6
  Use: Scroll            |       |     2 ||     2
Armor: Robe              |    60 |    32 ||    92
Dodge: Dodged            |   104 |    59 ||   163
